[Event "Titled Tuesday Blitz November 15 Early 2022"]
[White "Mouhamad, Joachim"]
[Black "Godzwon, Iwo"]
[WhiteFideId "656410"]
[BlackFideId "21802483"]
[WhiteElo "2164"]
[BlackElo "2284"]
[Result "1-0"]
[Round "04"]
[TimeControl "180+1"]
[Date "2022.11.16"]
[WhiteClock "0:00:06"]
[BlackClock "0:00:03"]

1. e4 c5 2. Nf3 e6 3. d4 cxd4 4. Nxd4 Nc6 5. Nc3 Qc7 6. Be3 Nf6 7. Qd2 Bb4 8. f3 d5 9. a3 Bxc3 10. Qxc3 dxe4 11. Nxc6 bxc6 12. fxe4 O-O 13. Bd3 a5 14. O-O-O Ba6 15. Rdf1 Bxd3 16. cxd3 Ng4 17. Bf4 Qb6 18. h3 Nf6 19. Rf3 Nd7 20. Bd6 Rfe8 21. Rhf1 f6 22. d4 Rac8 23. Bc5 Qb5 24. g4 e5 25. Qb3+ Qxb3 26. Rxb3 exd4 27. Bxd4 Rxe4 28. Bc3 Nc5 29. Rb6 Na4 30. Bxa5 Nxb6 31. Bxb6 h5 32. gxh5 Rh4 33. Rf3 Rxh5 34. a4 Kf7 35. a5 Ra8 36. b4 Rd5 37. Kc2 f5 38. Kc3 g5 39. Kc4 Kg6 40. Ra3 g4 41. hxg4 fxg4 42. Bc5 Rf5 43. a6 Rf3 44. Ra1 Kf5 45. a7 g3 46. b5 cxb5+ 47. Kxb5 Kg4 48. Kc6 Rf7 49. Bb6 Rc8+ 50. Kb5 Ra8 51. Ka6 g2 52. Ra4+ Kh3 53. Ra3+ Kh2 54. Ra2 Kh1 55. Ra1+ Rf1 56. Ra5 Rf6 57. Rh5# 1-0


[Site "https://www.chess.com"]

[Event "Titled Tuesday Blitz November 15 Early 2022"]
[White "Muminova, Nafisa"]
[Black "Moksh Amit Doshi"]
[WhiteFideId "14201526"]
[BlackFideId "25064967"]
[WhiteElo "2258"]
[BlackElo "2330"]
[Result "1-0"]
[Round "04"]
[TimeControl "180+1"]
[Date "2022.11.16"]
[WhiteClock "0:00:19"]
[BlackClock "0:00:21"]

1. e4 c5 2. Nf3 d6 3. d4 cxd4 4. Nxd4 Nf6 5. Nc3 a6 6. h3 e5 7. Nde2 h5 8. g3 Be6 9. Bg2 b5 10. Bg5 Be7 11. O-O Nbd7 12. a3 Rc8 13. f4 h4 14. Bxh4 Qb6+ 15. Kh1 Qe3 16. Rf3 Qc5 17. f5 Bc4 18. Qd2 Qc6 19. Rf2 Nc5 20. Qe3 a5 21. Rd1 Qc7 22. Bxf6 Bxf6 23. b3 Bxe2 24. Rxe2 Qd8 25. Nxb5 Be7 26. Red2 O-O 27. Nxd6 Bg5 28. Nxc8 Qxd2 29. Qxd2 Bxd2 30. Ne7+ 1-0


[Site "https://www.chess.com"]

[Event "Titled Tuesday Blitz November 15 Early 2022"]
[White "Nakamura, Hikaru"]
[Black "Tang, Andrew"]
[WhiteFideId "2016192"]
[BlackFideId "2059630"]
[WhiteElo "2909"]
[BlackElo "2581"]
[Result "1-0"]
[Round "04"]
[TimeControl "180+1"]
[Date "2022.11.15"]
[WhiteClock "0:01:04"]
[BlackClock "0:00:16"]

1. Nf3 d5 2. g3 Nf6 3. Bg2 e6 4. c4 Be7 5. O-O O-O 6. Qc2 c5 7. d4 b6 8. cxd5 Nxd5 9. dxc5 Bxc5 10. Ng5 g6 11. Nc3 Bb7 12. Rd1 Qc7 13. Nge4 Be7 14. Bh6 Nb4 15. Qa4 Rd8 16. Rxd8+ Qxd8 17. Nf6+ 1-0


[Site "https://www.chess.com"]

[Event "Titled Tuesday Blitz November 15 Early 2022"]
[White "Narayanan, Srinath"]
[Black "Krallis, Christos"]
[WhiteFideId "5018420"]
[BlackFideId "4298896"]
[WhiteElo "2459"]
[BlackElo "2243"]
[Result "1-0"]
[Round "04"]
[TimeControl "180+1"]
[Date "2022.11.16"]
[WhiteClock "0:00:14"]
[BlackClock "0:00:08"]

1. d4 Nf6 2. Nf3 d5 3. Bf4 e6 4. e3 Bd6 5. Bg3 c5 6. Nbd2 O-O 7. c3 Qc7 8. Bd3 Nbd7 9. O-O e5 10. dxe5 Nxe5 11. Nxe5 Bxe5 12. Nf3 Bxg3 13. hxg3 Bg4 14. Be2 Bxf3 15. Bxf3 Rad8 16. Qa4 b6 17. Rad1 Rfe8 18. Bxd5 h5 19. Bf3 g6 20. Qf4 Qe7 21. a4 Kg7 22. Bc6 Rxd1 23. Rxd1 Rd8 24. Qf3 Rd6 25. Bb5 Qd8 26. Rxd6 Qxd6 27. Qe2 g5 28. Qd3 Qxd3 29. Bxd3 g4 30. Kf1 Nd7 31. f4 gxf3 32. gxf3 Ne5 33. Be2 Kg6 34. f4 Nd7 35. Bd3+ f5 36. Kf2 Nf6 37. Kf3 a5 38. e4 fxe4+ 39. Bxe4+ Kg7 40. Ke3 Ng4+ 41. Ke2 Nf6 42. Bf3 Kf7 43. Kd3 Ke6 44. Kc4 Kd6 45. Kb5 Kc7 46. Ka6 c4 47. Kb5 Ne8 48. Kxc4 Nd6+ 49. Kd5 Nf5 50. Bxh5 Nxg3 51. Bg6 Ne2 52. f5 Nf4+ 53. Ke4 Ne2 54. Ke5 Nc1 55. f6 Kd7 56. Kd5 Ne2 57. Bf5+ Ke8 58. Kc6 Ng3 59. Bg6+ Kf8 60. Kxb6 Ne2 61. Kxa5 Nf4 62. Be4 Kf7 63. Kb6 Kxf6 64. a5 1-0


[Site "https://www.chess.com"]

[Event "Titled Tuesday Blitz November 15 Early 2022"]
[White "Neiksans, Arturs"]
[Black "Wirig, Anthony"]
[WhiteFideId "11601388"]
[BlackFideId "615013"]
[WhiteElo "2497"]
[BlackElo "2487"]
[Result "0-1"]
[Round "04"]
[TimeControl "180+1"]
[Date "2022.11.15"]
[WhiteClock "0:00:32"]
[BlackClock "0:00:06"]

1. Nf3 d5 2. g3 Nf6 3. Bg2 g6 4. O-O Bg7 5. d3 O-O 6. Nbd2 Nc6 7. e4 e5 8. c3 a5 9. exd5 Nxd5 10. a4 Re8 11. Re1 h6 12. Nc4 Bf5 13. h3 g5 14. Nh2 Qd7 15. Ng4 Bg6 16. Nge3 Nde7 17. Be4 f5 18. Bg2 Rad8 19. Qb3 Kh8 20. Qxb7 Rb8 21. Qa6 f4 22. Ng4 Bxd3 23. b3 Rxb3 24. Ba3 Rxc3 25. Bxe7 Bxc4 26. Qxc6 Qxc6 27. Bxc6 Rxe7 28. Rad1 Rd3 29. Be4 Rxd1 30. Rxd1 Bf7 31. Rd8+ Re8 32. Rd7 Kg8 33. Rxc7 h5 34. Nh2 Rb8 35. Nf3 Bf6 36. g4 hxg4 37. hxg4 Rb4 38. Bh7+ Kxh7 39. Rxf7+ Kg6 40. Ra7 e4 41. Nd2 Rxa4 42. Ra6 e3 43. fxe3 fxe3 44. Nf3 Rxg4+ 45. Kf1 Re4 46. Ke2 g4 47. Rxa5 gxf3+ 0-1


[Site "https://www.chess.com"]

[Event "Titled Tuesday Blitz November 15 Early 2022"]
[White "Nguyen, Thai Dai Van"]
[Black "Vlassov, Nikolai"]
[WhiteFideId "358878"]
[BlackFideId "4103360"]
[WhiteElo "2534"]
[BlackElo "2324"]
[Result "1-0"]
[Round "04"]
[TimeControl "180+1"]
[Date "2022.11.16"]
[WhiteClock "0:00:24"]
[BlackClock "0:00:07"]

1. e4 Nc6 2. Nf3 d5 3. exd5 Qxd5 4. Nc3 Qa5 5. d4 Bg4 6. h3 Bxf3 7. Qxf3 O-O-O 8. Bd3 e5 9. O-O Nf6 10. dxe5 Nxe5 11. Qf5+ Kb8 12. b4 Bxb4 13. Nb5 Nxd3 14. cxd3 a6 15. Rb1 axb5 16. a3 Rd5 17. axb4 Qa2 18. Rb2 Qxb2 19. Qxd5 Qxc1 20. Qxf7 Qg5 21. Ra1 Qg6 22. Qa2 c6 23. Qa8+ Kc7 24. Qxh8 Nd5 25. Ra8 Qg5 26. Qb8+ Kb6 27. Qa7+ Kc7 28. Qb8+ Kb6 29. Qd6 Nf4 30. g3 Nd5 31. Kg2 Qf5 32. Qc5+ Kc7 33. Qd4 Qf7 34. Ra1 Nf6 35. Re1 Qd5+ 36. Qxd5 Nxd5 37. Re4 Kd6 38. Kf3 c5 39. bxc5+ Kxc5 40. Rg4 g6 41. Ke2 b4 42. Kd2 b5 43. Kc2 Nf6 44. Rf4 Nd5 45. Rf7 h5 46. Kb3 Kd4 47. Rd7 Ke5 48. f4+ Ke6 49. Rb7 Ne3 50. Rxb5 Nf1 51. Rg5 Kf6 52. Kxb4 Nd2 53. Kc5 Nf3 54. h4 Nxg5 55. fxg5+ Kf5 56. d4 Kg4 57. d5 Kxg3 58. d6 Kxh4 59. d7 Kxg5 60. d8=Q+ 1-0


[Site "https://www.chess.com"]

[Event "Titled Tuesday Blitz November 15 Early 2022"]
[White "Nielsen, Viktor Haarmark"]
[Black "Zaichenko, Daria"]
[WhiteFideId "1444492"]
[BlackFideId "4197453"]
[WhiteElo "2345"]
[BlackElo "2039"]
[Result "0-1"]
[Round "04"]
[TimeControl "180+1"]
[Date "2022.11.16"]
[WhiteClock "0:00:02"]
[BlackClock "0:00:03"]

1. e4 c5 2. Nf3 Nc6 3. d4 cxd4 4. Nxd4 Nf6 5. Nc3 d6 6. Bg5 e6 7. Qd2 a6 8. O-O-O Bd7 9. f4 Be7 10. Qe1 Nxd4 11. Rxd4 Qb6 12. Rd1 h6 13. Bh4 Bc6 14. Bf2 Qa5 15. Kb1 b5 16. a3 b4 17. axb4 Qxb4 18. Bd4 Rb8 19. Na2 Qxe1 20. Rxe1 Bxe4 21. Bxa6 O-O 22. Re2 Bg6 23. Nc3 Rb4 24. Be3 Rfb8 25. Bc1 Ra8 26. Bd3 Rb6 27. Bxg6 Rba6 28. b3 fxg6 29. Bb2 Ng4 30. h3 Nf6 31. Rxe6 Kf7 32. Rhe1 R8a7 33. g4 d5 34. g5 Rxe6 35. Rxe6 Kxe6 36. gxf6 Bxf6 37. Nb5 Rb7 38. Nd4+ Bxd4 39. Bxd4 g5 40. fxg5 hxg5 41. Kc1 Kf5 42. Kd2 Ke4 43. Bc5 Rf7 44. b4 Rf3 45. b5 Rxh3 46. b6 Rh8 47. Bd6 g4 48. b7 Kf3 49. b8=Q Rxb8 50. Bxb8 g3 51. Ke1 Kg2 52. Ke2 g5 53. c3 g4 54. Be5 Kh2 55. Bd4 g2 0-1


[Site "https://www.chess.com"]

[Event "Titled Tuesday Blitz November 15 Early 2022"]
[White "Nouri, Alekhine"]
[Black "Besedes, Danilo"]
[WhiteFideId "5216184"]
[BlackFideId "946796"]
[WhiteElo "2151"]
[BlackElo "2352"]
[Result "0-1"]
[Round "04"]
[TimeControl "180+1"]
[Date "2022.11.16"]
[WhiteClock "0:00:02"]
[BlackClock "0:00:19"]

1. e4 d6 2. d4 e5 3. dxe5 dxe5 4. Qxd8+ Kxd8 5. Bc4 f6 6. Be3 Bd6 7. Nc3 a6 8. O-O-O Ne7 9. f4 Nbc6 10. Nf3 Bg4 11. f5 g6 12. fxg6 hxg6 13. h3 Bd7 14. g4 g5 15. Nd5 Nxd5 16. Bxd5 Ke7 17. c4 b6 18. Ng1 Rad8 19. Ne2 Nb4 20. a3 Nxd5 21. exd5 Rh7 22. b4 e4 23. c5 bxc5 24. bxc5 Be5 25. c6 Bc8 26. Bc5+ Kf7 27. Kc2 Rdh8 28. d6 cxd6 29. Bxd6 Bxd6 30. Rxd6 Bxg4 31. Ng3 Rxh3 32. Rxh3 Rxh3 33. Nxe4 Ke7 34. c7 Bf5 35. Kd2 Rh2+ 36. Ke1 Rc2 37. Rxf6 Bxe4 38. Rxa6 Rxc7 39. Ra5 Kf6 40. Kf2 Rc3 41. Ra6+ Kf5 42. a4 g4 43. Ra7 g3+ 44. Ke2 g2 45. Rg7 Rc2+ 46. Ke3 Rc1 47. Kf2 Rf1+ 0-1


[Site "https://www.chess.com"]

[Event "Titled Tuesday Blitz November 15 Early 2022"]
[White "Novikova, Galina"]
[Black "Bethke, Richard"]
[WhiteFideId "4157095"]
[BlackFideId "12959243"]
[WhiteElo "1973"]
[BlackElo "2369"]
[Result "0-1"]
[Round "04"]
[TimeControl "180+1"]
[Date "2022.11.16"]
[WhiteClock "0:00:02"]
[BlackClock "0:00:34"]

1. e4 c6 2. d4 d5 3. exd5 cxd5 4. c4 dxc4 5. Nc3 Nf6 6. Bxc4 Bf5 7. Qb3 e6 8. Qxb7 Nbd7 9. Nf3 Be7 10. Ne5 O-O 11. Nc6 Qe8 12. Nxe7+ Qxe7 13. O-O Rfc8 14. Bb3 Rab8 15. Qf3 Bg4 16. Qg3 h5 17. h3 Bf5 18. Bf4 Rb6 19. Rfe1 Qb4 20. Rad1 a5 21. d5 exd5 22. Nxd5 Nxd5 23. Bxd5 Nf6 24. Bf3 g6 25. b3 Kh7 26. Be5 Rc2 27. Qg5 Qc5 28. Bxf6 Qxf2+ 29. Kh1 Bxh3 30. Kh2 Qxf3 31. Rf1 Rxg2+ 32. Kh1 Rf2+ 33. Kg1 Rxf6 34. Rxf2 Qxf2+ 35. Kh1 Qf3+ 0-1


[Site "https://www.chess.com"]

[Event "Titled Tuesday Blitz November 15 Early 2022"]
[White "Nugumanov, Bakhtiyar"]
[Black "Guliev, Logman"]
[WhiteFideId "13701797"]
[BlackFideId "13400061"]
[WhiteElo "2287"]
[BlackElo "2161"]
[Result "1-0"]
[Round "04"]
[TimeControl "180+1"]
[Date "2022.11.16"]
[WhiteClock "0:00:03"]
[BlackClock "0:00:28"]

1. Nf3 Nf6 2. c4 e6 3. g3 d5 4. Bg2 c5 5. cxd5 exd5 6. O-O Nc6 7. d4 Be7 8. Nc3 O-O 9. dxc5 Bxc5 10. Bg5 Be7 11. e3 Be6 12. Nd4 Rc8 13. f4 Nxd4 14. exd4 Ng4 15. Bxe7 Qxe7 16. Qd3 h5 17. f5 Bd7 18. Rae1 Qd6 19. Nxd5 Rfe8 20. h3 Nf6 21. Nxf6+ Qxf6 22. Rxe8+ Rxe8 23. b3 Qg5 24. h4 Qh6 25. Qf3 Qb6 26. Qf2 Rd8 27. d5 Qd6 28. Qd4 Bc6 29. f6 Qxg3 30. fxg7 Bxd5 31. Qf2 Qxg2+ 32. Qxg2 Bxg2 33. Kxg2 Rd2+ 34. Rf2 Rxa2 35. Rxa2 1-0


[Site "https://www.chess.com"]

[Event "Titled Tuesday Blitz November 15 Early 2022"]
[White "Odegov, Artem"]
[Black "Vokhidov, Shamsiddin"]
[WhiteFideId "34183644"]
[BlackFideId "14204223"]
[WhiteElo "2298"]
[BlackElo "2619"]
[Result "0-1"]
[Round "04"]
[TimeControl "180+1"]
[Date "2022.11.16"]
[WhiteClock "0:00:09"]
[BlackClock "0:02:16"]

1. d4 Nf6 2. c4 e6 3. Nf3 d5 4. Nc3 Bb4 5. Bg5 h6 6. Bxf6 Qxf6 7. Qa4+ Nc6 8. e3 O-O 9. Be2 dxc4 10. O-O Bd7 11. Qc2 Bxc3 12. bxc3 b5 13. Rfb1 a6 14. a4 Rab8 15. axb5 axb5 16. e4 e5 17. d5 Ne7 18. Ra7 Qd6 19. Qa2 Nc8 20. Ra5 Nb6 21. Qd2 Ra8 22. Rxa8 Rxa8 23. h3 Ra3 24. Qc1 Na4 25. Nxe5 Nxc3 0-1


[Site "https://www.chess.com"]

[Event "Titled Tuesday Blitz November 15 Early 2022"]
[White "Omariev, Maksim"]
[Black "Yeremyan, Alen"]
[WhiteFideId "4193423"]
[BlackFideId "13308998"]
[WhiteElo "2526"]
[BlackElo "2159"]
[Result "0-1"]
[Round "04"]
[TimeControl "180+1"]
[Date "2022.11.16"]
[WhiteClock "0:00:01"]
[BlackClock "0:00:32"]

1. g4 g6 2. Bg2 h5 3. gxh5 Rxh5 4. d4 d5 5. c4 dxc4 6. Nc3 c6 7. Nf3 Nf6 8. Ne5 Be6 9. Bf4 Nbd7 10. Qc2 Nd5 11. Bg3 Bg7 12. O-O-O Nb4 13. Qd2 Bh6 14. f4 Nxe5 15. dxe5 Qb6 16. Qd4 Qxd4 17. Rxd4 Rxe5 18. Rhd1 Ra5 19. a3 Na6 20. e4 Nc5 21. Kc2 Bg7 22. e5 Bf5+ 23. Kd2 Nb3+ 24. Ke3 Nxd4 25. Rxd4 Rc5 26. Na4 Rb5 27. Rxc4 Rd8 28. b4 Rd3+ 29. Ke2 Rxa3 30. Nc5 a5 31. Nxb7 Bd3+ 32. Kf2 Bxc4 33. Bxc6+ Kf8 34. Bxb5 Bxb5 35. bxa5 Bc6 36. Nd8 Ba8 37. Ne6+ fxe6 38. Bh4 Rxa5 39. Bg5 Ke8 40. Kg3 Kd7 41. Kh4 Ra3 42. h3 Bg2 43. Kg4 Bxh3+ 44. Kh4 Bf5 45. Bxe7 Bh6 46. Bxa3 Bxf4 47. Bd6 g5+ 48. Kh5 g4 49. Kh4 g3 50. Bc5 Bxe5 51. Be3 Kd6 52. Bg1 Kd5 53. Be3 Ke4 54. Bg1 Kf3 55. Bc5 Kg2 56. Be3 Kh1 57. Bc5 g2 0-1


[Site "https://www.chess.com"]

[Event "Titled Tuesday Blitz November 15 Early 2022"]
[White "Onslow, Alfie"]
[Black "Perez Rodriguez, Jennifer"]
[WhiteFideId "436976"]
[BlackFideId "3507831"]
[WhiteElo "2015"]
[BlackElo "2170"]
[Result "1-0"]
[Round "04"]
[TimeControl "180+1"]
[Date "2022.11.16"]
[WhiteClock "0:00:17"]
[BlackClock "0:00:35"]

1. e4 e5 2. Bc4 Nc6 3. Nc3 Nf6 4. d3 Na5 5. Nf3 Nxc4 6. dxc4 d6 7. h3 h6 8. Qd3 Be6 9. Be3 Nd7 10. b3 Be7 11. g4 c6 12. Rd1 Qa5 13. O-O Rd8 14. Kg2 O-O 15. Qe2 Qxc3 16. Bd2 Qb2 17. Bb4 Qxa2 18. Ra1 Qb2 19. Rfb1 Qxa1 20. Rxa1 a6 21. Rd1 Nf6 22. Nxe5 Rfe8 23. Nd3 Bf8 24. f4 c5 25. Bc3 Be7 26. f5 Bd7 27. Nf4 Bc6 28. Nd5 Nxd5 29. exd5 Bd7 30. Qf2 Bg5 31. f6 Re4 32. fxg7 Rde8 33. Re1 Rxe1 34. Bxe1 Kxg7 35. Bc3+ f6 36. h4 Re4 37. hxg5 Rxg4+ 38. Kf1 Kg6 39. Qxf6+ Kh5 40. Qxh6# 1-0


[Site "https://www.chess.com"]

[Event "Titled Tuesday Blitz November 15 Early 2022"]
[White "Oro, Faustino"]
[Black "Gorodetzky, David"]
[WhiteFideId "20000197"]
[BlackFideId "2813416"]
[WhiteElo "2066"]
[BlackElo "2497"]
[Result "0-1"]
[Round "04"]
[TimeControl "180+1"]
[Date "2022.11.16"]
[WhiteClock "0:00:12"]
[BlackClock "0:01:24"]

1. e4 e6 2. d4 d5 3. Nd2 dxe4 4. Nxe4 Nd7 5. Nf3 Ngf6 6. Nxf6+ Nxf6 7. Bd3 c5 8. dxc5 Bxc5 9. O-O Qc7 10. Qe2 b6 11. Bb5+ Bd7 12. Bxd7+ Nxd7 13. c3 O-O 14. Be3 Nf6 15. Bxc5 Qxc5 16. Rad1 Rad8 17. Nd4 Rd5 18. Nb3 Re5 19. Qd3 Qc6 20. Nd4 Qa4 21. a3 h6 22. Rfe1 Rxe1+ 23. Rxe1 Rd8 24. Qe2 Qd7 25. h3 Qd5 26. Nb5 Rd7 27. c4 Qc5 28. b4 Qc6 29. Rc1 a6 30. Nc3 Rd4 31. Nd1 Ne4 32. f3 Nd6 33. Ne3 a5 34. Rd1 e5 35. Rc1 e4 36. f4 Rd3 37. Nd5 Rxd5 38. Qb2 Nxc4 39. Qb3 a4 40. Rxc4 axb3 0-1


[Site "https://www.chess.com"]

[Event "Titled Tuesday Blitz November 15 Early 2022"]
[White "Osiecki, Stanislaw"]
[Black "Langner, Ladislav"]
[WhiteFideId "1102990"]
[BlackFideId "300403"]
[WhiteElo "2088"]
[BlackElo "2346"]
[Result "0-1"]
[Round "04"]
[TimeControl "180+1"]
[Date "2022.11.16"]
[WhiteClock "0:00:12"]
[BlackClock "0:00:22"]

1. e4 c5 2. c3 Nf6 3. e5 Nd5 4. d4 cxd4 5. Nf3 d6 6. cxd4 dxe5 7. dxe5 Nc6 8. h3 Bf5 9. a3 e6 10. Bd3 Ne3 11. Bxe3 Bxd3 12. Nc3 Be7 13. Qd2 Bg6 14. O-O Qxd2 15. Bxd2 O-O-O 16. Be3 Kb8 17. Rfd1 Bc2 18. Rdc1 Bb3 19. Nd2 Bd5 20. Nxd5 Rxd5 21. f4 f6 22. exf6 Bxf6 23. Nc4 Rhd8 24. a4 Nb4 25. Ne5 Nd3 26. Rd1 Nxe5 27. Rxd5 Rxd5 28. fxe5 Bxe5 29. Rf1 Bxb2 30. Rf7 Rd8 31. Re7 b6 32. Rxe6 Rd7 33. Bf4+ Kb7 34. Be5 Bxe5 35. Rxe5 Kc6 36. Kf2 a6 37. g4 b5 38. axb5+ axb5 39. Re6+ Kc5 40. Re5+ Kc4 41. Re4+ Kc3 42. Re3+ Kc2 43. Re8 b4 44. Rc8+ Kb2 45. Kf3 b3 46. Kf4 Rb7 47. g5 Ka3 48. Ra8+ Kb4 49. Ra1 b2 50. Rh1 Kc3 51. Kf5 b1=Q+ 52. Rxb1 Rxb1 53. Ke6 Rh1 54. Kf7 Rxh3 55. Kxg7 Kd4 56. Kf6 Ke4 57. g6 hxg6 58. Kxg6 Kf4 59. Kg7 Rh5 60. Kg6 Kg4 61. Kg7 Kg5 62. Kg8 Rh6 63. Kg7 Rf6 64. Kh7 Kh5 65. Kg7 Kg5 66. Kh7 Rf7+ 67. Kh8 Kg6 68. Kg8 Rf6 0-1


[Site "https://www.chess.com"]

[Event "Titled Tuesday Blitz November 15 Early 2022"]
[White "Osinovsky, Stepan"]
[Black "Darini, Pouria"]
[WhiteFideId "4157354"]
[BlackFideId "12502200"]
[WhiteElo "2222"]
[BlackElo "2483"]
[Result "1-0"]
[Round "04"]
[TimeControl "180+1"]
[Date "2022.11.16"]
[WhiteClock "0:00:07"]
[BlackClock "0:00:15"]

1. Nf3 d5 2. g3 g6 3. Bg2 Bg7 4. O-O e5 5. d3 Ne7 6. e4 O-O 7. Re1 Nbc6 8. Nbd2 h6 9. exd5 Nxd5 10. Nc4 Re8 11. a4 a5 12. c3 b6 13. d4 exd4 14. Rxe8+ Qxe8 15. Nxd4 Nxd4 16. Bxd5 Ne2+ 17. Kg2 Ba6 18. Ne3 Rd8 19. Qb3 c6 20. Bf3 Nxc1 21. Rxc1 h5 22. Qxb6 Bd3 23. Qxc6 Qf8 24. h4 Bh6 25. Re1 Rc8 26. Qd5 Ba6 27. Qxa5 Bd3 28. Qd5 Rd8 29. Qc6 Bg7 30. a5 Kh8 31. a6 Rd6 32. Qc5 Bxa6 33. Nc4 Bxc4 34. Qxc4 Rb6 35. b4 Rb8 36. Qc6 Rc8 37. Qd7 Bxc3 38. Rc1 Rd8 39. Qd3 Bxb4 40. Qe3 Be7 41. Qe4 Bf6 42. Rc7 Re8 43. Qc4 Kg8 44. Bd5 Kh8 45. Rxf7 Qd6 46. Bf3 Rf8 47. Rxf8+ Qxf8 48. Qe6 Kg7 49. Qd7+ Be7 50. Qd4+ Qf6 51. Qd5 Bf8 52. Qd7+ Qe7 53. Qd4+ Qf6 54. Qd7+ Kh8 55. Qe8 Kh7 56. Qe4 Bc5 57. Qc2 Qd4 58. Bxh5 Kh8 59. Bxg6 Qd5+ 60. Be4 Qd4 61. Bf3 Bd6 62. Qe2 Qf6 63. Qe8+ Kg7 64. Qe4 Be5 65. h5 Kh6 66. Qg4 Bd6 67. Be4 Bc5 68. Qg6+ Qxg6 69. hxg6 Kg7 70. f4 Bd6 71. Kf3 Bc7 72. Kg4 Bxf4 73. gxf4 Kf6 74. f5 Kg7 75. Kg5 Kh8 76. f6 Kg8 77. Bd5+ Kh8 78. g7+ Kh7 79. g8=Q# 1-0


[Site "https://www.chess.com"]

[Event "Titled Tuesday Blitz November 15 Early 2022"]
[White "Ozen, Bahadir"]
[Black "Andreikin, Dmitry"]
[WhiteFideId "6337058"]
[BlackFideId "4158814"]
[WhiteElo "2503"]
[BlackElo "2736"]
[Result "1-0"]
[Round "04"]
[TimeControl "180+1"]
[Date "2022.11.15"]
[WhiteClock "0:00:04"]
[BlackClock "0:00:12"]

1. g3 d5 2. Nf3 Nf6 3. Bg2 c5 4. O-O e6 5. c4 d4 6. d3 Nc6 7. e3 Bd6 8. exd4 cxd4 9. Bg5 h6 10. Bxf6 Qxf6 11. Nbd2 Qe7 12. a3 a5 13. Ne4 Bc7 14. b4 axb4 15. axb4 Rxa1 16. Qxa1 Nxb4 17. Qxd4 O-O 18. Qc3 Rd8 19. d4 b6 20. Rb1 Bb7 21. Ned2 Nc6 22. c5 b5 23. Rxb5 Ba6 24. Rb1 e5 25. dxe5 Nxe5 26. Re1 Nxf3+ 27. Nxf3 Qd7 28. c6 Qd5 29. Nh4 Ba5 30. Qa1 Qc5 31. Rc1 Qb6 32. Nf5 f6 33. c7 Re8 34. c8=Q Bxc8 35. Rxc8 Rxc8 36. Ne7+ Kh8 37. Nxc8 Qc5 38. Nd6 Bb6 39. Ne4 Qd4 40. Qa8+ Kh7 41. Qc8 Qd8 42. Qxd8 Bxd8 43. Nd6 g6 44. h4 Kg7 45. Bd5 h5 46. Kg2 f5 47. Nc4 f4 48. Kf3 fxg3 49. fxg3 g5 50. hxg5 Bxg5 51. Nd6 Be7 52. Nf5+ Kf6 53. Ne3 Bd6 54. Bc4 Bb8 55. Be2 Kg5 56. Ng2 Bxg3 57. Kxg3 Kf6 58. Bxh5 Ke5 59. Bf3 Kd4 60. Kf4 Kc5 61. Ne3 Kd4 62. Be4 Kc3 63. Ke5 Kd2 64. Kd4 Kc1 65. Nc4 Kd1 66. Bd3 Kc1 67. Kc3 Kd1 68. Nd2 Kc1 69. Bc4 Kd1 70. Bd5 Kc1 71. Nb3+ Kb1 72. Be4+ Ka2 73. Bc2 Ka3 74. Bb1 Ka4 75. Nd4 Ka3 76. Nb5+ Ka4 77. Kc4 Ka5 78. Kc5 Ka6 79. Nd6 Ka7 80. Bd3 Kb8 81. Kc6 Ka7 82. Kc7 Ka8 83. Bc4 Ka7 84. Nc8+ Ka8 85. Bd5# 1-0


[Site "https://www.chess.com"]

[Event "Titled Tuesday Blitz November 15 Early 2022"]
[White "Pakleza, Zbigniew"]
[Black "Golubev, Mikhail"]
[WhiteFideId "1119290"]
[BlackFideId "14100983"]
[WhiteElo "2411"]
[BlackElo "2374"]
[Result "1-0"]
[Round "04"]
[TimeControl "180+1"]
[Date "2022.11.16"]
[WhiteClock "0:00:01"]
[BlackClock "0:00:01"]

1. d4 Nf6 2. Nf3 d6 3. Bf4 Nbd7 4. h3 g6 5. e3 Bg7 6. Be2 O-O 7. O-O b6 8. c3 Bb7 9. Nbd2 e6 10. a4 a5 11. Bh2 Qe7 12. Qb3 Ne4 13. Nxe4 Bxe4 14. Nd2 Bb7 15. Bf3 Bxf3 16. Nxf3 Nf6 17. Rac1 Ne4 18. Rfd1 f5 19. c4 g5 20. Nd2 Nxd2 21. Rxd2 f4 22. exf4 gxf4 23. c5 bxc5 24. dxc5 Rab8 25. cxd6 cxd6 26. Qa3 Be5 27. Re1 Rb4 28. Qf3 Bxb2 29. Qg4+ Bg7 30. Rde2 e5 31. Qf3 Kh8 32. Qd5 Rxa4 33. f3 Qa7+ 34. Kh1 Rd4 35. Qb5 Qb8 36. Qxa5 Rc8 37. Bg1 Rd3 38. Qa6 Rd5 39. Rb2 Qa8 40. Qe2 Ra5 41. Reb1 Qc6 42. Kh2 Raa8 43. Bf2 Bf6 44. Rd1 Rd8 45. Rbd2 Qc7 46. Qe4 Rab8 47. Qf5 Qe7 48. Rc2 Bh4 49. Bg1 1-0


[Site "https://www.chess.com"]

[Event "Titled Tuesday Blitz November 15 Early 2022"]
[White "Palencia Morales, Wilson Guillermo"]
[Black "Abhishek, Das"]
[WhiteFideId "4401859"]
[BlackFideId "5013348"]
[WhiteElo "2160"]
[BlackElo "2230"]
[Result "1-0"]
[Round "04"]
[TimeControl "180+1"]
[Date "2022.11.16"]
[WhiteClock "0:02:18"]
[BlackClock "0:01:45"]

1. d4 d5 2. c4 c6 3. Nf3 Nf6 4. Nc3 g6 5. Bg5 Bg7 6. cxd5 Nxd5 7. e4 Nxc3 8. bxc3 O-O 9. Be2 c5 10. O-O cxd4 11. cxd4 Nc6 12. d5 Ne5 13. Nd4 h6 14. Be3 g5 15. Rc1 Bd7 16. Qb3 b6 17. Rfd1 Rc8 18. Nc6 Qe8 19. Nxa7 Ra8 20. Qxb6 Bf5 21. exf5 1-0


[Site "https://www.chess.com"]

[Event "Titled Tuesday Blitz November 15 Early 2022"]
[White "Papayan, Oleg"]
[Black "Kopacz, Grzegorz"]
[WhiteFideId "4193911"]
[BlackFideId "1109880"]
[WhiteElo "2153"]
[BlackElo "2037"]
[Result "0-1"]
[Round "04"]
[TimeControl "180+1"]
[Date "2022.11.16"]
[WhiteClock "0:00:37"]
[BlackClock "0:00:55"]

1. e4 c5 2. Nf3 g6 3. d4 cxd4 4. Nxd4 Nc6 5. c4 Nf6 6. Nc3 Nxd4 7. Qxd4 Bg7 8. Be3 O-O 9. Qd2 d6 10. f3 Be6 11. Be2 Qa5 12. O-O Rfc8 13. b3 a6 14. Rac1 b5 15. Nd5 Qxd2 16. Bxd2 Nxd5 17. cxd5 Bd4+ 18. Kh1 Bd7 19. Rxc8+ Rxc8 20. Rc1 Rxc1+ 21. Bxc1 Bc5 22. Bd2 e6 23. dxe6 Bxe6 24. g3 f5 25. Bd3 fxe4 26. Bxe4 d5 27. Bd3 Bf5 28. Bxf5 gxf5 29. Kg2 Kf7 30. g4 fxg4 31. fxg4 Kf6 32. Bf4 Ke6 33. Kf3 Bd6 34. Bxd6 Kxd6 35. h4 Ke5 36. Ke3 d4+ 37. Kd3 Kf4 38. g5 Kg4 39. Kxd4 Kxh4 40. a4 bxa4 41. bxa4 Kxg5 42. Kc5 h5 43. Kb6 h4 44. Kxa6 h3 45. a5 h2 46. Ka7 h1=Q 47. a6 Qh8 48. Kb7 Qg7+ 49. Kb8 Qf8+ 50. Kb7 Qe7+ 51. Kc8 Qa7 0-1


[Site "https://www.chess.com"]

[Event "Titled Tuesday Blitz November 15 Early 2022"]
[White "Parligras, Mircea-Emilian"]
[Black "Alekseenko, Kirill"]
[WhiteFideId "1204297"]
[BlackFideId "4135539"]
[WhiteElo "2507"]
[BlackElo "2682"]
[Result "0-1"]
[Round "04"]
[TimeControl "180+1"]
[Date "2022.11.15"]
[WhiteClock "0:00:06"]
[BlackClock "0:00:34"]

1. d4 d5 2. c4 dxc4 3. e3 e5 4. Bxc4 Nc6 5. Nf3 e4 6. Nfd2 Qg5 7. Nxe4 Qxg2 8. Ng3 Nf6 9. Bf1 Qd5 10. Nc3 Bb4 11. Bd2 Qd8 12. Bg2 O-O 13. a3 Be7 14. O-O Be6 15. Nce4 Nxe4 16. Nxe4 Qd7 17. Rc1 Bh3 18. Qf3 Bxg2 19. Qxg2 Rae8 20. b4 f5 21. Nc5 Bxc5 22. Rxc5 Re6 23. Kh1 Rg6 24. Qd5+ Qxd5+ 25. Rxd5 Rd6 26. Rc5 Rf7 27. Rfc1 Rdd7 28. b5 Nd8 29. a4 Ne6 30. Re5 Ng5 31. Bb4 Rf6 32. Re8+ Kf7 33. Rc8 Ne6 34. a5 a6 35. bxa6 bxa6 36. Rc6 f4 37. Rxa6 Rd5 38. Rc6 Rb5 39. Rc4 fxe3 40. fxe3 Rf1+ 41. Kg2 Rb1 42. Bc3 Rc1 43. a6 Rc2+ 44. Kf3 Ng5+ 45. Kg4 Rg2+ 46. Kf4 Rf2+ 47. Kg4 h5+ 48. Kg3 Ne4+ 49. Kh3 Rbf5 50. R4xc7+ Kg6 51. Rc6+ Kh7 0-1


[Site "https://www.chess.com"]